 Dungeon Crawl Stone Soup version 0.20.1-1-g8b1a95d66d (webtiles) character file.

481 Crag the Insei (level 7, -2/46 HPs)
             Began as a Halfling Monk on Nov 26, 2017.
             Slain by a centaur (5 damage)
             ... on level 5 of the Dungeon.
             The game lasted 00:13:50 (4932 turns).

Crag the Insei (Halfling Monk)                      Turns: 4932, Time: 00:13:51

Health: -2/46      AC:  3    Str: 12    XL:     7   Next: 34%
Magic:  7/7        EV: 18    Int:  8    God:
Gold:   210        SH:  0    Dex: 19    Spells: 6/6 levels left

rFire    . . .     SeeInvis .     - Unarmed
rCold    . . .     Gourm    .   (shield restricted)
rNeg     . . .     Faith    .   e - +0 leather armour
rPois    .         Spirit   .   (no helmet)
rElec    .         Reflect  .   (no cloak)
rCorr    .         Harm     .   (no gloves)
MR       .....                  (no boots)
Stlth    ++........             (no amulet)
Regen    0.2/turn               (no ring)
MPRegen  0.1/turn               (no ring)

@: lethally poisoned (-2 -> -3)
A: mutation resistance 1
a: no special abilities


You were on level 5 of the Dungeon.
You were not hungry.

You visited 1 branch of the dungeon, and saw 5 of its levels.

You collected 210 gold pieces.

Inventory:

Hand Weapons
 b - a +0 hunting sling
Missiles
 q - 67 stones (quivered)
Armour
 a - a +0 robe
 e - a +0 leather armour (worn)
Wands
 c - a wand of scattershot (6/9)
Scrolls
 g - a scroll of immolation {unknown}
 l - a scroll of fog {unknown}
 m - 6 scrolls of identify {unknown}
 n - a scroll of random uselessness {unknown}
 r - a scroll of amnesia {unknown}
 s - 2 scrolls of teleportation {unknown}
 t - 2 scrolls of remove curse {unknown}
Potions
 d - a potion of cancellation
 h - 2 potions of magic {unknown}
 i - 2 potions of flight {unknown}
 j - 2 potions of curing
Comestibles
 f - 2 royal jellies
 k - a chunk of flesh
 p - 2 bread rations


   Skills:
 + Level 3.1 Fighting
 - Level 1.5 Slings
 + Level 5.3 Dodging
 - Level 2.1 Stealth
 - Level 5.3 Unarmed Combat


You had 6 spell levels left.
You didn't know any spells.

Dungeon Overview and Level Annotations

Branches:
Dungeon (5/15)
 Temple: D:4-7

Altars:
Fedhas
Gozag
Kikubaaqudgha

Annotations:
D:2 Sigmund


Innate Abilities, Weirdness & Mutations

You are small and have problems with some larger weapons.
You are somewhat resistant to further mutation.


Message History

* * * LOW HITPOINT WARNING * * *
The centaur misses you.
You hit the centaur but do no damage.
The centaur is moderately wounded.
The centaur closely misses you.
You hit the centaur.
The centaur is heavily wounded.
The centaur hits you.
* * * LOW HITPOINT WARNING * * *
It was a potion of mutation.
You feel extremely strange.
You feel sick. The centaur hits you.
* * * LOW HITPOINT WARNING * * *
The centaur misses you.
It was a potion of cancellation.
You feel magically purged. The centaur completely misses you.
You completely miss the centaur.
The centaur is heavily wounded.
The centaur hits you but does no damage.
The centaur hits you.
You die...

...... . ..#..
.#.... .....
###### #...
#....#
#...##....#
#....#^...#
#..c@.....#
#...#(....#
#...##....# #
#... #....#
.#..######....#
..............#
#.####.##....#
#.##...#######
##....#.##


You could see a centaur.

Vanquished Creatures
  A howler monkey (D:4)
  2 bullfrog skeletons
  A centaur skeleton (D:3)
  Ijyb (D:3)
  Terence (D:2)
  6 worker ants
  A hound zombie (D:5)
  7 adders
  A shadow imp (D:5)
  An adder zombie (D:3)
  A worm (D:5)
  3 dart slugs
  A leopard gecko (D:3)
  4 orcs
  5 bats
  3 giant cockroaches
  4 goblins
  2 hobgoblins (D:1)
  9 jackals
  6 kobolds
  2 quokkas (D:5)
  5 frilled lizards
  A jackal zombie (D:5)
  A quokka zombie (D:5)
  6 rats
75 creatures vanquished.

Notes
Turn   | Place    | Note
-------+----------+-------------------------------------------
     0 | D:1      | Crag the Halfling Monk began the quest for the Orb.
     0 | D:1      | Reached XP level 1. HP: 15/15 MP: 1/1
   304 | D:1      | Reached XP level 2. HP: 20/20 MP: 2/2
   912 | D:1      | Reached XP level 3. HP: 20/25 MP: 3/3
  1392 | D:2      | Noticed Terence
  1493 | D:3      | Reached skill level 1 in Slings
  1493 | D:3      | Reached XP level 4. HP: 5/30 MP: 4/4
  1766 | D:3      | Noticed Ijyb
  1797 | D:3      | Killed Ijyb
  1858 | D:3      | Found a blossoming altar of Fedhas.
  1860 | D:3      | Found an ancient bone altar of Kikubaaqudgha.
  2082 | D:3      | Reached XP level 5. HP: 35/35 MP: 5/5
  2392 | D:3      | Found a faded altar of an unknown god.
  2670 | D:2      | Killed Terence
  3109 | D:2      | Noticed Sigmund
  3317 | D:4      | Found an opulent altar of Gozag.
  3352 | D:4      | Reached XP level 6. HP: 24/41 MP: 6/6
  3847 | D:4      | Reached skill level 5 in Unarmed Combat
  4125 | D:4      | Reached XP level 7. HP: 28/45 MP: 7/7
  4619 | D:3      | Reached skill level 5 in Dodging
  4648 | D:5      | Entered Level 5 of the Dungeon
  4930 | D:5      | HP: 2/46 [centaur (4)]
  4932 | D:5      | Slain by a centaur

Skill      XL: |  1  2  3  4  5  6  7 |
---------------+----------------------+-----
Unarmed Combat | 3 4 5 |  5.3
Slings         | 1 |  1.5
Dodging        | 4 5 |  5.3
Fighting       | 3 |  3.1
Stealth        | |  2.1

Action                   |  1- 3 |  4- 6 |  7- 9 || total
-------------------------+-------+-------+-------++-------
Melee: Unarmed           |    73 |   235 |    85 ||   393
       Punch             |     3 |    12 |     1 ||    16
 Fire: Hunting sling     |     2 |     9 |       ||    11
  Use: Potion            |     1 |     4 |     2 ||     7
 Stab: Sleeping          |     2 |     4 |     2 ||     8
       Invisible         |       |     2 |       ||     2
  Eat: Chunk             |     2 |     8 |     3 ||    13
Armor: Robe              |     4 |       |       ||     4
       Leather armour    |     3 |    36 |    10 ||    49
       Skin              |     1 |       |       ||     1
Dodge: Dodged            |    47 |   188 |    66 ||   301
